 Dungeon Crawl Stone Soup version 0.24-a0-549-g45f0056d81 (webtiles) character file.

Game seed: 8792611146610995459

77411 MordorOrchid the Peltast (level 15, -8/95 (96) HPs)
             Began as an Octopode Fighter on Aug 19, 2019.
             Was the Champion of Nemelex Xobeh.
             Killed by divine providence
             ... invoked by an orc priest
              (15 damage)
             ... on level 2 of the Orcish Mines.
             The game lasted 02:04:38 (22288 turns).

MordorOrchid the Peltast (Octopode Fighter)        Turns: 22288, Time: 02:04:38

HP:   -8/95 (96)    AC:  4    Str: 15    XL:     15   Next: 56%
MP:   8/21          EV: 25    Int: 17    God:    Nemelex Xobeh [******]
Gold: 2392          SH: 15    Dex: 12    Spells: 10/22 levels left

rFire    . . .     SeeInvis .   a - +6 trident (chaos)
rCold    . . .     Gourm    .   b - +2 shield {AC+3}
rNeg     . . .     Faith    .   (helmet restricted)
rPois    .         Spirit   .   O - amulet of regeneration
rElec    .         Reflect  .   V - +3 ring of evasion
rCorr    .         Harm     .   u - +5 ring of evasion
MR       +....                  (no ring)
Stlth    ++++......             (no ring)
HPRegen  0.65/turn              (no ring)
MPRegen  0.17/turn              (no ring)
                                (no ring)
                                (no ring)

@: very slightly contaminated
A: almost no armour, stealthy swim, amphibious, 8 rings, constrict 8, camouflage
1, gelatinous body 1
a: Draw Escape, Draw Destruction, Draw Summoning, Triple Draw, Deal Four, Stack
Five, Renounce Religion


You were on level 2 of the Orcish Mines.
You worshipped Nemelex Xobeh.
Nemelex Xobeh was exalted by your worship.
You were not hungry.

You visited 4 branches of the dungeon, and saw 24 of its levels.
You also visited: Ice Cave.

You collected 2392 gold pieces.

Inventory:

Hand Weapons
 a - a +6 trident of chaos (weapon)
 j - a +0 hunting sling of freezing
 p - a +4 spear
 r - the +4 dagger "Morg" {pain, MR+ Int+5}
   (You found it on level 14 of the Dungeon)

   In the hands of one skilled in necromantic magic, it inflicts extra damage on
   living creatures.
   It affects your intelligence (+5).
   It affects your resistance to hostile enchantments.
 y - the +7 rapier of Defenestration {flame, rPois Int+2 Dex-2}
   (You found it on level 13 of the Dungeon)

   It has been specially enchanted to burn those struck by it, causing extra
   injury to most foes and up to half again as much damage against particularly
   susceptible opponents.
   It affects your intelligence (+2).
   It affects your dexterity (-2).
   It protects you from poison.
Missiles
 f - 5 curare-tipped darts (quivered)
 z - 229 sling bullets
 G - 29 boomerangs
 L - a throwing net
 M - 4 boomerangs of dispersal
Armour
 b - a +2 shield of protection (worn)
 F - a +2 large shield of cold resistance
Jewellery
 m - an uncursed amulet of the gourmand
 q - an uncursed amulet of guardian spirit
 u - a +5 ring of evasion (right tentacle)
 N - an uncursed amulet of rage
 O - an amulet of regeneration (around mantle)
 V - a +3 ring of evasion (left tentacle)
 W - an uncursed amulet of magic regeneration
Wands
 t - a wand of flame (14)
 v - a wand of clouds (1)
 w - a wand of polymorph (28)
 x - a wand of paralysis (10)
 D - a wand of iceblast (12)
 I - a wand of acid (4)
 X - a wand of random effects (47)
 Y - a wand of disintegration (9)
Scrolls
 e - a scroll of identify
 i - 15 scrolls of remove curse
 A - 4 scrolls of blinking
 E - 6 scrolls of fog
 J - 10 scrolls of teleportation
 Q - 3 scrolls of immolation
 R - 3 scrolls of fear
 U - 2 scrolls of magic mapping
Potions
 c - a potion of ambrosia
 g - a potion of might
 h - 9 potions of curing
 k - 4 potions of heal wounds
 l - 3 potions of brilliance
 o - 2 potions of haste
 s - a potion of magic
 C - 2 potions of lignification
 H - 2 potions of flight
 Z - a potion of mutation
Miscellaneous
 n - a fan of gales
 K - a lamp of fire
 P - a sack of spiders
 S - a box of beasts
Comestibles
 d - 42 rations
 B - 45 chunks of flesh


   Skills:
 - Level 6.6 Fighting
 - Level 2.0 Short Blades
 - Level 14.3 Polearms
 - Level 4.0 Throwing
 - Level 8.0 Dodging
 - Level 6.0 Stealth
 - Level 15.0 Shields
 - Level 4.0 Spellcasting
 - Level 3.1 Conjurations
 - Level 3.0 Hexes
 - Level 3.2 Charms
 * Level 4.7 Summonings
 - Level 4.0 Necromancy
 - Level 5.0 Air Magic
 - Level 2.1 Poison Magic
 - Level 5.1 Invocations
 - Level 6.0 Evocations


You had 10 spell levels left.
You knew the following spells:

 Your Spells              Type           Power        Failure   Level  Hunger
a - Confusing Touch       Hex            ##....       4%          1    None
g - Mephitic Cloud        Conj/Pois/Air  ###.....     12%         3    ###....
j - Summon Lightning Spi  Summ/Air       ###.....     22%         4    ####...
k - Regeneration          Chrm/Necr      ###.......   11%         3    ###....
u - Animate Skeleton      Necr           N/A          3%          1    None

Your spell library contained the following spells:

 Spells                   Type           Power        Failure   Level  Hunger
 Summon Small Mammal      Summ           ###.         2%          1    None
 Pain                     Necr           ###.         3%          1    None
 Call Imp                 Summ           ###.....     3%          2    ##.....
 Corona                   Hex            ##.....      4%          1    None
 Poisonous Vapours        Pois/Air       ###...       5%          2    ##.....
 Slow                     Hex            ##......     7%          2    ##.....
 Call Canine Familiar     Summ           ###.....     7%          3    ###....
 Vampiric Draining        Necr           ###.......   9%          3    ###....
 Summon Guardian Golem    Hex/Summ       ###.....     10%         3    ###....
 Ensorcelled Hibernation  Hex/Ice        #.....       13%         2    ##.....
 Dazzling Spray           Conj/Hex       ##....       13%         3    ###....
 Confuse                  Hex            ##......     14%         3    ###....
 Tukima's Dance           Hex            ##......     14%         3    ###....
 Sandblast                Erth           #.....       16%         1    None
 Passwall                 Tmut/Erth      #.......     24%         2    ##.....
 Conjure Flame            Conj/Fire      #.......     24%         3    ###....
 Stone Arrow              Conj/Erth      #.....       24%         3    ###....
 Inner Flame              Hex/Fire       #.......     26%         3    ###....
 Portal Projectile        Hex/Tloc       #.....       26%         3    ###....
 Animate Dead             Necr           N/A          28%         4    ####...
 Cause Fear               Hex            ##........   41%         4    ####...
 Gell's Gravitas          Tloc           #.........   43%         3    ###....
 Summon Ice Beast         Ice/Summ       ##......     52%         4    ####...
 Leda's Liquefaction      Hex/Erth       #.........   63%         4    ####...
 Ice Form                 Ice/Tmut       #.......     83%         4    ####...
 Petrify                  Tmut/Erth      #.......     83%         4    ####...
 Metabolic Englaciation   Hex/Ice        #.........   93%         5    ######.
 Yara's Violent Unravell  Hex/Tmut       #.........   93%         5    ######.
 Lee's Rapid Deconstruct  Erth           #.........   99%         5    ######.
 Bolt of Cold             Conj/Ice       #.........   100%        6    #######
 Freezing Cloud           Conj/Ice/Air   ##........   100%        6    #######
 Ozocubu's Refrigeration  Ice            #.........   100%        6    #######
 Simulacrum               Ice/Necr       ##........   100%        6    #######
 Ring of Flames           Chrm/Fire      #.........   100%        7    #######


Dungeon Overview and Level Annotations

Branches:
Dungeon (15/15)            Temple (1/1) D:4            Lair (6/6) D:10
 Shoals (0/4) Lair:3       Spider (0/4) Lair:4        Slime (0/5) Lair:6
    Orc (2/2) D:10            Elf (0/3) Orc:2        Depths (0/5) D:15
 Vaults: D:13-14

Altars:
Ashenzari
Cheibriados
Dithmenos
Elyvilon
Fedhas
Gozag
Hepliaklqana
Kikubaaqudgha
Makhleb
Nemelex Xobeh
Okawaru
Ru
Sif Muna
Trog
Uskayaw
Vehumet
Wu Jian
Xom
Yredelemnul
Zin
The Shining One
Beogh

Portals:
Bazaar: D:11

Annotations:
D:5 2 transporters, exclusion: upstairs, bgiannan's ghost, novice GrFi
D:12 1 runed translucent door, Majang's ghost, journeyman FoFi


Innate Abilities, Weirdness & Mutations

You cannot wear most types of armour.
You are very stealthy in the water. (Stealth+)
You are amphibious.
You can wear up to eight rings at the same time.
You can use your tentacles to constrict eight enemies at once.
Your skin changes colour to match your surroundings (Stealth+).
Your rubbery body absorbs attacks. (AC +1, EV +1)


Message History

The blast of calcifying dust hits the orc.
Unknown command.
Casting: Animate Skeleton (safe; 3% risk of failure)
Confirm with . or Enter, or press ? or * to list all spells.
You miscast Regeneration.
You are very lightly contaminated with residual magic.
Strange energies run through your body.
Your wind drake bites the orc priest but does no damage.
The orc priest mumbles some strange prayers to Beogh against you.
Beogh smites you!
* * * LOW HITPOINT WARNING * * *
The orc high priest shouts, "You are a heretic and must be destroyed!"
The orc high priest completely misses you.
The orc hits your catoblepas but does no damage.
Your orc high priest skeleton hits the orc with a +0 mace!
The orc dies!
The orc priest invokes the aid of Beogh against you.
Beogh smites you!
You die...
Your body glows with a rainbow of weird colours and disappears.

...))).........
...))ZZ........ ..
####)Z#######.# #.# .#
#.)# #.# #.# ..#
#ZZ#######.###.###..# .
#.Z)ZZZ.ZZ$.........#
#'##).###Z###.Z..Z.....##
......# #.# #.)ZkYZ⌠..o..
#'###.# #.# #..9@o)....#
. #.# #.# #.###o###..#
#.. ......#...).#
#.###.###.#.....# #.# #.#
#.#.._..# .# #.####### ..
.. .. ##


You could see an orc high priest, 2 orc priests, a friendly catoblepas, a
friendly wind drake, a friendly molten gargoyle, 2 friendly orc skeletons, a
friendly orc priest skeleton and 3 friendly orc high priest skeletons.

Vanquished Creatures
  A stone giant (Orc:1)
  An ettin (Orc:1)
  An ogre mage (Orc:1)
  3 hydras
  8 two-headed ogres
  5 death yaks
  2 centaur warriors
  2 tengu warriors (D:14)
  2 orc high priests (Orc:2)
  Sonja (D:10)
  A skeletal warrior (D:13)
  An unseen horror (D:10)
  A flayed ghost (D:9)
  A lindwurm (Lair:2)
  2 deep elf magi
  An orc knight (Orc:1)
  A necromancer (IceCv)
  A mana viper (shapeshifter) (Lair:4)
  2 cyclopes
  3 orc sorcerers (Orc:1)
  2 ice statues (IceCv)
  3 centaur zombies
  2 merfolk sirens (Lair:3)
  A guardian serpent (D:11)
  Joseph (D:10)
  4 black mambas
  16 spiny frogs
  2 torpor snails
  2 rime drakes
  7 komodo dragons
  A freezing wraith (D:13)
  3 ice devils (IceCv)
  An efreet (D:15)
  5 trolls
  6 slime creatures
  2 queen bees
  Grinder (D:3)
  3 hornets
  2 tyrant leeches (Lair:6)
  3 dream sheep
  A meliai zombie (D:14)
  9 blink frogs (Lair:6)
  A hippogriff (shapeshifter) (D:14)
  8 hippogriffs
  3 shadows
  A redback (Lair:4)
  34 yaks
  2 wraiths
  6 wyverns
  2 steam dragons (D:11)
  A yak (shapeshifter) (Orc:1)
  3 basilisks
  5 vampire mosquitoes
  10 wargs
  A naga (Orc:1)
  10 water moccasins
  6 porcupines
  8 ice beasts
  15 orc warriors
  4 ogres
  4 sky beasts
  2 black bears
  5 phantoms
  An eye of draining (D:11)
  A necrophage (D:9)
  6 centaurs
  10 crocodiles
  14 wolves
  A big kobold (D:11)
  24 bullfrogs
  2 gnoll sergeants
  A wyvern zombie (D:11)
  A wyvern skeleton (D:14)
  3 scorpions
  50 killer bees
  7 wights
  7 electric eels
  2 howler monkeys (D:12)
  A quasit (D:13)
  8 hounds
  A jelly (D:7)
  7 crimson imps
  14 orc wizards
  15 orc priests
  2 bullfrog zombies
  6 iguanas
  2 bullfrog skeletons
  4 centaur skeletons
  Jessica (D:2)
  Crazy Yiuf (D:6)
  13 worker ants
  A spriggan simulacrum (IceCv)
  A troll simulacrum (IceCv)
  2 centaur simulacra (IceCv)
  A hound zombie (D:7)
  A hound skeleton (D:4)
  A howler monkey zombie (D:8)
  A howler monkey skeleton (D:5)
  23 gnolls
  2 ogre simulacra (IceCv)
  13 adders
  4 naga simulacra (IceCv)
  5 shadow imps
  An ooze (Orc:1)
  2 worms (D:4)
  2 dart slugs (D:1)
  10 leopard geckos
  70 orcs
  9 giant cockroaches
  10 goblins
  13 hobgoblins
  10 jackals
  20 kobolds
  7 quokkas
  7 bats
  5 frilled lizards
  3 jackal skeletons
  2 leopard gecko skeletons
  9 rats
  A plant (Lair:6)
689 creatures vanquished.

Vanquished Creatures (collateral kills)
  A hydra (Lair:6)
  A centaur warrior (D:15)
  A catoblepas (Lair:6)
  4 orc high priests (Orc:2)
  A death yak (Lair:3)
  An orc sorcerer (Orc:1)
  2 ugly things (D:13)
  2 manticores
  5 black mambas
  12 spiny frogs (Lair:6)
  A komodo dragon (Lair:6)
  2 rime drakes (Lair:6)
  2 tyrant leeches (Lair:6)
  A blink frog (Lair:6)
  2 hippogriffs
  A wraith (D:12)
  A basilisk (D:14)
  9 yaks
  4 wargs
  4 vampire mosquitoes (Lair:6)
  2 water moccasins
  3 orc warriors
  5 ice beasts (Lair:6)
  2 ogres
  2 wolves (Lair:6)
  2 crocodiles
  A big kobold (D:14)
  6 bullfrogs
  A killer bee (D:8)
  2 wights
  5 orc priests
  3 orc wizards
  A gnoll (Orc:1)
  9 orcs
  A goblin (Orc:2)
  A jackal (D:8)
  2 kobolds
  7 fungi
  3 plants
115 creatures vanquished.

Vanquished Creatures (others)
  A centaur warrior (D:13)
  11 fungi (Lair:6)
  38 plants
50 creatures vanquished.

Grand Total: 854 creatures vanquished

Notes
Turn   | Place    | Note
-------+----------+-------------------------------------------
     0 | D:1      | MordorOrchid the Octopode Fighter began the quest for the
                  | Orb.
     0 | D:1      | Reached XP level 1. HP: 16/16 MP: 1/1
    56 | D:1      | Reached skill level 1 in Stealth
    60 | D:1      | Reached XP level 2. HP: 6/21 MP: 2/2
   178 | D:1      | Reached XP level 3. HP: 10/26 MP: 3/3
   748 | D:2      | Noticed Jessica
   753 | D:2      | Killed Jessica
   753 | D:2      | Reached XP level 4. HP: 15/31 MP: 4/4
  1118 | D:2      | Reached XP level 5. HP: 21/36 MP: 5/5
  1680 | D:3      | Noticed Grinder
  1707 | D:3      | Killed Grinder
  1707 | D:3      | Reached skill level 5 in Polearms
  1707 | D:3      | Reached skill level 4 in Shields
  1707 | D:3      | Reached XP level 6. HP: 20/42 MP: 6/6
  1961 | D:3      | Found a glowing silver altar of Zin.
  2674 | D:4      | Reached XP level 7. HP: 46/46 MP: 7/7
  2774 | D:4      | Found a staircase to the Ecumenical Temple.
  3154 | D:5      | Entered Level 5 of the Dungeon
  3163 | D:5      | Noticed bgiannan's ghost (novice GrFi)
  3172 | D:5      | Found a transporter.
  3212 | D:5      | Found a transporter.
  3223 | D:5      | Reached skill level 1 in Short Blades
  3230 | D:5      | Found a sparkling altar of Nemelex Xobeh.
  3656 | Temple   | Entered the Ecumenical Temple
  3822 | Temple   | Became a worshipper of Nemelex Xobeh the Trickster
  3885 | D:5      | Received a gift from Nemelex Xobeh
  4056 | D:6      | Reached XP level 8. HP: 21/52 MP: 3/8
  4067 | D:6      | Reached skill level 5 in Stealth
  4144 | D:6      | Found a runed translucent door.
  4145 | D:6      | Noticed Crazy Yiuf
  4156 | D:6      | Killed Crazy Yiuf
  4818 | D:6      | Reached skill level 1 in Invocations
  4867 | D:6      | Reached skill level 5 in Shields
  4867 | D:6      | Reached skill level 1 in Evocations
  5199 | D:6      | Reached * piety under Nemelex Xobeh
  5243 | D:7      | Received a gift from Nemelex Xobeh
  5415 | D:7      | Reached XP level 9. HP: 47/57 MP: 10/10
  6031 | D:8      | Found a snail-covered altar of Cheibriados.
  6333 | D:8      | Found a hazy altar of Hepliaklqana.
  6362 | D:8      | Noticed a queen bee
  6381 | D:8      | Killed a queen bee
  6422 | D:8      | Reached skill level 6 in Shields
  6490 | D:8      | Reached XP level 10. HP: 13/65 MP: 6/12
  7364 | D:8      | Learned a level 1 spell: Animate Skeleton
  7368 | D:8      | Learned a level 3 spell: Regeneration
  7502 | D:9      | Found a glowing silver altar of Zin.
  7590 | D:9      | Found an opulent altar of Gozag.
  7590 | D:9      | Found a glowing golden altar of the Shining One.
  7674 | D:9      | Reached skill level 10 in Polearms
  7715 | D:9      | Reached skill level 1 in Spellcasting
  7715 | D:9      | Reached skill level 1 in Necromancy
  7747 | D:9      | Reached skill level 5 in Evocations
  7759 | D:9      | Noticed a flayed ghost
  7767 | D:9      | Killed a flayed ghost
  7767 | D:9      | Reached skill level 5 in Fighting
  7791 | D:9      | Reached ** piety under Nemelex Xobeh
  7816 | D:9      | Reached skill level 5 in Dodging
  7849 | D:9      | Identified the +2 robe of Inquiry {-Tele rElec rN++ SInv}
  7934 | D:9      | Noticed a two-headed ogre
  8105 | D:9      | Killed a two-headed ogre
  8105 | D:9      | Reached skill level 7 in Shields
  8105 | D:9      | Reached skill level 5 in Invocations
  8348 | D:10     | Entered Level 10 of the Dungeon
  8359 | D:10     | Reached XP level 11. HP: 70/71 MP: 13/15
  8460 | D:10     | Noticed Sonja
  8468 | D:10     | Killed Sonja
  8564 | D:10     | Got a shimmering great sword
  8589 | D:10     | Noticed a two-headed ogre
  8613 | D:10     | Killed a two-headed ogre
  8739 | D:10     | Noticed Joseph
  8751 | D:10     | Killed Joseph
  8751 | D:10     | Reached skill level 1 in Throwing
  8994 | D:10     | Found a staircase to the Lair.
  9021 | D:10     | Received a gift from Nemelex Xobeh
  9095 | D:10     | Found a staircase to the Orcish Mines.
  9333 | D:11     | Reached *** piety under Nemelex Xobeh
  9464 | D:11     | Received a gift from Nemelex Xobeh
  9546 | D:11     | Found a gateway to a bazaar.
  9656 | D:10     | Killed an unseen horror
  9656 | D:10     | Reached skill level 1 in Charms
 10094 | D:11     | Reached skill level 8 in Shields
 10776 | D:12     | Reached **** piety under Nemelex Xobeh
 11311 | D:12     | Reached XP level 12. HP: 74/76 MP: 18/18
 11560 | D:12     | Found a runed translucent door.
 11560 | D:12     | Noticed a +1 vampiric short sword
 11563 | D:12     | Noticed Majang's ghost (journeyman FoFi)
 11606 | D:13     | Received a gift from Nemelex Xobeh
 11882 | D:13     | Noticed a centaur warrior
 11886 | D:13     | Noticed a centaur warrior
 11889 | D:13     | Killed a centaur warrior
 11896 | D:13     | Killed a centaur warrior
 11983 | D:13     | Noticed a five-headed hydra
 11990 | D:13     | Reached skill level 9 in Shields
 11990 | D:13     | Killed a five-headed hydra
 12008 | D:13     | Learned a level 4 spell: Summon Lightning Spire
 12172 | D:13     | Received a gift from Nemelex Xobeh
 12175 | D:13     | Identified the +3 great sword "Mevaack" {slice, +Fly MR+}
                  | (You found it on level 10 of the Dungeon)
 12219 | D:13     | Learned a level 3 spell: Mephitic Cloud
 12491 | D:13     | Got a fine rapier
 12768 | D:13     | Received a gift from Nemelex Xobeh
 12886 | D:14     | Reached skill level 1 in Poison Magic
 12920 | D:14     | Reached skill level 1 in Air Magic
 12925 | D:14     | Reached skill level 1 in Conjurations
 13084 | D:14     | You fall into a shaft and drop 1 floor!
 13084 | D:15     | Entered Level 15 of the Dungeon
 13253 | D:15     | Reached XP level 13. HP: 80/80 MP: 19/19
 13286 | D:15     | Reached ***** piety under Nemelex Xobeh
 13417 | D:15     | Found an iron altar of Okawaru.
 13671 | D:14     | Reached skill level 10 in Shields
 13851 | D:14     | Found the +4 dagger "Morg" {pain, MR+ Int+5}
 14128 | D:14     | Identified the +7 rapier of Defenestration {flame, rPois
                  | Int+2 Dex-2} (You found it on level 13 of the Dungeon)
 14447 | Lair:1   | Entered Level 1 of the Lair of Beasts
 14786 | Lair:1   | Received a gift from Nemelex Xobeh
 15470 | Lair:2   | Found a dark tunnel.
 15668 | Lair:2   | Received a gift from Nemelex Xobeh
 15673 | Lair:2   | Reached skill level 11 in Shields
 16188 | Lair:2   | Received a gift from Nemelex Xobeh
 16615 | Lair:3   | Reached ****** piety under Nemelex Xobeh
 16791 | Lair:3   | You fall into a shaft and drop 3 floors!
 16791 | Lair:6   | Entered Level 6 of the Lair of Beasts
 16815 | Lair:6   | Reached XP level 14. HP: 77/87 MP: 2/20
 16885 | Lair:6   | Identified a scroll of acquirement
 17002 | Lair:6   | Reached skill level 12 in Shields
 17201 | Lair:6   | Found a frozen archway.
 17239 | IceCv    | Entered an ice cave
 17533 | IceCv    | Reached skill level 13 in Shields
 18049 | Lair:6   | Received a gift from Nemelex Xobeh
 18164 | Lair:6   | Found a staircase to the Slime Pits.
 18271 | Lair:5   | You fall into a shaft and drop 1 floor!
 18411 | Lair:5   | Reached skill level 14 in Shields
 18933 | Lair:4   | Received a gift from Nemelex Xobeh
 19292 | Lair:4   | Received a gift from Nemelex Xobeh
 19548 | Lair:4   | Found a hole to the Spider Nest.
 19709 | Lair:4   | Reached skill level 15 in Shields
 20108 | Lair:3   | Reached XP level 15. HP: 91/91 MP: 21/21
 20143 | Lair:3   | Reached skill level 1 in Summonings
 20151 | Lair:3   | Found a staircase to the Shoals.
 20417 | Lair:3   | Received a gift from Nemelex Xobeh
 20471 | Lair:3   | Found a radiant altar of Vehumet.
 20746 | Orc:1    | Entered Level 1 of the Orcish Mines
 20776 | Orc:1    | Learned a level 1 spell: Confusing Touch
 20785 | Orc:1    | Found a transporter.
 20812 | Orc:1    | Reached skill level 1 in Hexes
 20904 | Orc:1    | Found a roughly hewn altar of Beogh.
 20904 | Orc:1    | Found a transporter.
 21000 | Orc:2    | Entered Level 2 of the Orcish Mines
 21340 | Orc:1    | Received a gift from Nemelex Xobeh
 21849 | Orc:2    | Found a staircase to the Elven Halls.
 22156 | Orc:2    | Reached skill level 5 in Air Magic
 22272 | Orc:2    | Found a roughly hewn altar of Beogh.
 22288 | Orc:2    | Killed from afar by an orc priest

Levels and vault maps discovered:
D:1:      elethiomel_arrival_diamonds, layout_rooms, st_stairs_5
D:2:      layout_basic, serial_rivers, chequers_serial_rivers_small_b,
          chequers_serial_rivers_micro_a, chequers_serial_rivers_small_b,
          chequers_serial_rivers_micro_c, chequers_serial_rivers_micro_a,
          chequers_serial_rivers_small_b, hex_medium, uniq_jessica
D:3:      minmay_razor_zed, layout_basic, zin_treasury, first_ration,
          uniq_grinder
D:4:      layout_loops_ring, minmay_temple_entry_from_below_a
D:5:      layout_basic, nicolae_overflow_hidden_temple,
          gammafunk_ghost_stat_death, nemelex_diamond_rough_becter
D:6:      layout_basic, uniq_crazy_yiuf_cottage
D:7:      minmay_chambers_of_fours, layout_rooms
D:8:      layout_rooms, lemuel_round_altar, lemuel_coloured_pillars_altar,
          david_nohive_1, minmay_misc_feat_square, kennysheep_generic_room_2
D:9:      wander_river, layout_long_grid, gammafunk_temple_overflow_pools,
          basic_altar, serial_park_tiny_pond, kennysheep_just_a_vault
D:10:     layout_basic, erik_lair_orcish_takeover, orc_0_dummy,
          mrwooster_statue_mirror, uniq_joseph, uniq_sonja
D:11:     layout_cave_pods, serial_shops, statue_bzr,
          nrook_guardian_serpent_ordinary
D:12:     layout_loops_ring, ebering_ghost_inner_flame
D:13:     minmay_imperfect_grid, layout_basic
D:14:     layout_roguey, ximxim_vaults_locker_room, kennysheep_cross_room,
          hangedman_corner_corridor
D:15:     gammafunk_enter_depths_forms, layout_long_grid,
          chequers_serial_rivers_micro_c, kennysheep_flooded_box,
          serial_bayou_pond_c
Temple:   eino_temple_scatter_basement
Lair:1:   layout_roguey
Lair:2:   layout_cave_pods, nicolae_volcano_entry_vermiform, special_room
          [special_room_bee], eino_small_chamber_without_monster,
          infiniplex_staircase_pool_2
Lair:3:   layout_regular_city, elwin_shoals_entry_rooms, basic_altar
Lair:4:   layout_gridlike, spider_nest_entry_rubble,
          chequers_serial_rivers_micro_b, chequers_serial_rivers_micro_d,
          disabler_island
Lair:5:   layout_loops_ring
Lair:6:   minmay_lair_end_frog_pond, layout_concentric_octagons,
          dpeg_slime_entry_corner, portal_ice_cave_entry_ice_beasts
Orc:1:    gammafunk_beogh_shrine, layout_diamond_mine, guppyfry_orc_lava_fort
Orc:2:    st_orc_town, layout_caves, uniq_josephine

Skill      XL: |  1  2  3  4  5  6  7  8  9 10 11 12 13 14 15 |
---------------+----------------------------------------------+-----
Stealth        | 1 3 4 6 |  6.0
Polearms       | 3 5 6 7 8 9 10 12 13 14 | 14.3
Shields        | 4 5 6 7 8 9 11 15 | 15.0
Short Blades   | 1 2 |  2.0
Invocations    | 1 3 5 |  5.1
Evocations     | 1 3 5 6 |  6.0
Fighting       | 4 5 6 |  6.6
Dodging        | 5 6 7 8 |  8.0
Spellcasting   | 2 4 |  4.0
Necromancy     | 2 3 4 |  4.0
Throwing       | 4 |  4.0
Charms         | 2 3 |  3.2
Poison Magic   | 2 |  2.1
Air Magic      | 1 3 5 |  5.0
Conjurations   | 1 3 |  3.1
Summonings     | 4 |  4.7
Hexes          | 3 |  3.0

Action                   |  1- 3 |  4- 6 |  7- 9 | 10-12 | 13-15 || total
-------------------------+-------+-------+-------+-------+-------++-------
Melee: Trident           |    79 |   148 |   330 |   592 |  1307 ||  2456
       Constrict         |    17 |    29 |    49 |    48 |   126 ||   269
       Tentacles         |     9 |    18 |    56 |   108 |   204 ||   395
       Dagger            |       |     6 |       |     1 |       ||     7
       Rapier            |       |       |       |       |    26 ||    26
Throw: Stone             |       |     2 |     2 |     1 |       ||     5
       Dart              |       |       |    31 |    35 |    27 ||    93
       Boomerang         |       |       |     8 |    71 |    56 ||   135
 Cast: Animate Skeleton  |       |       |       |    40 |   157 ||   197
       Regeneration      |       |       |       |     6 |    40 ||    46
       Mephitic Cloud    |       |       |       |     1 |    20 ||    21
       Summon Lightning  |       |       |       |       |     1 ||     1
Invok: Deal Four         |       |       |       |       |     1 ||     1
 Abil: Draw Destruction  |       |       |     2 |    14 |    11 ||    27
       Draw Summoning    |       |       |     1 |     1 |     9 ||    11
       Evoke Berserk Rag |       |       |       |       |     1 ||     1
Evoke: Wand              |       |       |    15 |    29 |    15 ||    59
  Use: Scroll            |     2 |     3 |     4 |    15 |    21 ||    45
       Potion            |       |     1 |     2 |    13 |     4 ||    20
 Stab: Sleeping          |     8 |    17 |    16 |    18 |    24 ||    83
       Distracted        |     1 |       |       |     1 |    17 ||    19
       Invisible         |       |       |       |     4 |     6 ||    10
       Paralysed         |       |       |       |     2 |     5 ||     7
       Confused          |       |       |       |       |    20 ||    20
       Petrified         |       |       |       |       |     5 ||     5
       Petrifying        |       |       |       |       |     3 ||     3
  Eat: Chunk             |       |     5 |    10 |    16 |    44 ||    75
       Ration            |       |       |     1 |     3 |       ||     4
Armor: Skin              |     5 |     2 |     7 |     3 |    19 ||    36
Dodge: Dodged            |    26 |    42 |   105 |   206 |   328 ||   707
Block: Shield            |    24 |    35 |    93 |   158 |   405 ||   715

Table legend:
 A = Non-vault XP
 B = Vault XP
 C = Vault XP percentage of total XP
 D = Non-vault monster count
 E = Vault monster count
 F = Vault count percentage of total count
                 A         B        C        D         E       F
            +---------+---------+-------+---------+---------+-------
      Total |   66050 |   44538 |  40.3 |     525 |     269 |  33.9
            +---------+---------+-------+---------+---------+-------
        D:1 |      43 |      13 |  23.2 |      22 |       9 |  29.0
        D:2 |     123 |      37 |  23.1 |      23 |       1 |   4.2
        D:3 |      66 |     330 |  83.3 |      25 |      12 |  32.4
        D:4 |      75 |       0 |   0.0 |       5 |       0 |   0.0
        D:5 |     412 |       0 |   0.0 |      17 |       0 |   0.0
        D:6 |    1062 |      36 |   3.3 |      19 |       1 |   5.0
        D:7 |     949 |     205 |  17.8 |      23 |       6 |  20.7
        D:8 |    1349 |    1100 |  44.9 |      25 |      18 |  41.9
        D:9 |    2673 |     741 |  21.7 |      31 |       1 |   3.1
       D:10 |    2009 |    1826 |  47.6 |      10 |       9 |  47.4
       D:11 |    2164 |     463 |  17.6 |      25 |       1 |   3.8
       D:12 |    3110 |       0 |   0.0 |      23 |       0 |   0.0
       D:13 |    1809 |    7613 |  80.8 |      19 |      27 |  58.7
       D:14 |    6254 |    2434 |  28.0 |      34 |       7 |  17.1
       D:15 |    2714 |       0 |   0.0 |       6 |       0 |   0.0
     Lair:1 |    3051 |       0 |   0.0 |      19 |       0 |   0.0
     Lair:2 |    4536 |    2456 |  35.1 |      25 |      26 |  51.0
     Lair:3 |    6608 |     901 |  12.0 |      30 |       2 |   6.2
     Lair:4 |    5066 |     638 |  11.2 |      20 |       6 |  23.1
     Lair:5 |    6124 |       0 |   0.0 |      19 |       0 |   0.0
     Lair:6 |    6322 |   11967 |  65.4 |      26 |      62 |  70.5
      Orc:1 |    6538 |    6295 |  49.1 |      33 |      26 |  44.1
      Orc:2 |    2993 |    4814 |  61.7 |      46 |      39 |  45.9
      IceCv |       0 |    2669 | 100.0 |       0 |      16 | 100.0
            +---------+---------+-------+---------+---------+-------
